 Dungeon Crawl Stone Soup version 0.31-a0-771-g505c3d19dc (webtiles) character file.

Game seed: 16003078329138083167

14 MackTheKnife the Ducker (level 2, 0/13 HPs)
             Began as a Spriggan Wanderer on Sept 16, 2023.
             Succumbed to a kobold's poison
             ... on level 1 of the Dungeon.
             The game lasted 00:01:14 (793 turns).

MackTheKnife the Ducker (Spriggan Wanderer)          Turns: 793, Time: 00:01:14

Health: 0/13       AC:  2    Str:  8    XL:     2   Next: 31%
Magic:  5/5        EV: 17    Int: 15    God:
Gold:   76         SH:  0    Dex: 12    Spells: 3/3 levels left

rFire   . . .        a - +2 spear {polearm}
rCold   . . .        (no shield)
rNeg    . . .        b - +0 robe
rPois   .            (helmet restricted)
rElec   .            (no cloak)
rCorr   .            (gloves unavailable)
SInv    +            (boots unavailable)
Will    .....        (no amulet)
Stlth   ++           (no ring)
HPRegen 0.22/turn    (no ring)
MPRegen 0.09/turn

%: no passive effects
@: brilliant, lethally poisoned (0 -> -2), hasted, very quick
A: very small, no large weapons, unfitting armour, see invisible, speed 3
a: no special abilities


You were on level 1 of the Dungeon.
You visited 1 branch of the dungeon, and saw 1 of its levels.

You collected 76 gold pieces.


Innate Abilities, Weirdness & Mutations

You are very small and have problems with some larger weapons.
You are too small for most types of armour.
You have supernaturally acute eyesight. (SInv)
You cover ground extremely quickly. (Speed+++)


   Skills:
 - Level 2.9 Polearms
 - Level 4.0 Dodging
 + Level 3.4 Stealth
 - Level 1.3 Spellcasting
 - Level 1.7 Necromancy


You had 3 spell levels left.
You didn't know any spells.
Your spell library contained the following spells:

 Spells                   Type           Power      Damage    Failure   Level
 Sublimation of Blood     Necr           9%         N/A       17%         2
 Cigotuvi's Dreadful Rot  Necr/Pois/Air  8%         N/A       28%         2

Inventory:

Hand Weapons
 a - a +2 spear (weapon) {polearm}
Missiles
 e - 2 boomerangs {throwing}
 h - 5 poisoned darts {throwing}
Armour
 b - a +0 robe (worn)
Scrolls
 g - a scroll of noise {unknown}
Potions
 c - a potion of invisibility
 f - a potion of haste {@q3}

Dungeon Overview and Level Annotations

Branches:
Dungeon (1/15) Zot: 5494

Altars:

# #.# #.#.##.##.#
#.# #.#
#.#....##.# #.#
#.#
#.#.#..##.####.##
#..
..###..##.......#
#.. ...
...######..## #.
... ## #..# #..#
##############..#
#.....K..@......##
#.########.......#
#.# #.####### ..#
#.# #### #.# #.#
#.# #.# #.#


You could see a kobold.


Message History

No target in view!
No target in view!
You see here 2 poisoned darts {throwing}.
h - 2 poisoned darts {throwing} A kobold comes into view.
It is wielding a +0 short sword.
You see here 3 poisoned darts {throwing}.
A kobold is nearby!
A kobold is nearby!
h - 5 poisoned darts {throwing} (gained 3)
The kobold shouts!
The kobold throws a stone.
The stone barely misses you.
You reach to attack!
You hit the kobold.
You kill the kobold!
No target in view!
Things that are here:
a +0 short sword {short}; 4 stones {throwing} You open the door.
There is an open door here.
Key pressed, stopping explore.
Key pressed, stopping explore.
Key pressed, stopping explore.
You now have 76 gold pieces (gained 15).
A frilled lizard comes into view.
A frilled lizard is nearby!
You reach to attack!
The helpless frilled lizard fails to defend itself.
You hit the frilled lizard.
You kill the frilled lizard!
No target in view!
f - 2 emerald potions (gained 1)
You open the door.
Key pressed, stopping explore.
You open the door.
There is an open door here.
Key pressed, stopping explore.
You open the door.
There is an open door here.
Key pressed, stopping explore.
A dart slug comes into view.
Okay, then.
You reach to attack!
You hit the dart slug. You hit the dart slug. The dart slug closely misses you.
You hit the dart slug. You hit the dart slug.
The dart slug bites you but does no damage.
You hit the dart slug. The dart slug completely misses you.
You hit the dart slug but do no damage. You hit the dart slug.
You kill the dart slug!
Key pressed, stopping explore.
A kobold comes into view.
It is wielding a +2 short sword of venom.
A kobold is nearby!
You reach to attack!
The helpless kobold fails to defend itself.
You hit the kobold but do no damage. You hit the kobold.
The kobold hits you with a +2 short sword of venom.
You are lethally poisoned! 😕 HP[-3]
You take 3 damage, and now have 10/13 hp.
MASSIVE DAMAGE!! (PAUSE) Unknown command.
You feel sick. 😮 HP[-2]
You take 2 damage, and now have 8/13 hp.
Unknown command.
* * * LOW HITPOINT WARNING * * *
You feel sick. 😨 HP[-2]
You take 2 damage, and now have 6/13 hp.
* * * LOW HITPOINT WARNING * * *
You feel sick. 😨 HP[-1]
You take 1 damage, and now have 5/13 hp.
* * * LOW HITPOINT WARNING * * *
You feel sick. 😨 HP[-1]
You take 1 damage, and now have 4/13 hp.
Unknown command.
* * * LOW HITPOINT WARNING * * *
You feel sick.
* * * LOW HITPOINT WARNING * * *
You feel sick. 😱 HP[-1]
You take 1 damage, and now have 3/13 hp.
Unknown command.
Unknown command.
It was a potion of haste.
You feel yourself speed up.
* * * LOW HITPOINT WARNING * * *
You feel sick. 😱 HP[-1]
You take 1 damage, and now have 2/13 hp.
It was a potion of brilliance.
You feel clever all of a sudden.
* * * LOW HITPOINT WARNING * * *
You feel sick. 😱 HP[-1]
You take 1 damage, and now have 1/13 hp.
Unknown command.
You die...

Skill      XL: |  1  2 |
---------------+-------+-----
Stealth        | 2 3 |  3.4
Polearms       | |  2.9
Dodging        | |  4.0
Spellcasting   | |  1.3
Necromancy     | |  1.7

Action                     || total
---------------------------++-------
  Melee: Spear             ||    36
    Use: Potion            ||     2
   Stab: Sleeping          ||     3
 Armour: Robe              ||     5
  Dodge: Dodged            ||    13

Levels and vault maps discovered:
D:1:      ncdulo_halloftheorcs, layout_basic

Notes
Turn   | Place    | Note
-------+----------+-------------------------------------------
     0 | D:1      | MackTheKnife the Spriggan Wanderer began the quest for the
                  | Orb.
     0 | D:1      | MackTheKnife set off with the following items: a +2 spear
                  | {polearm}, a +0 robe, a potion of invisibility; and the
                  | following spells available to memorise: Sublimation of
                  | Blood, Cigotuvi's Dreadful Rot.
     0 | D:1      | Reached XP level 1. HP: 9/9 MP: 3/3
     0 | D:1      | magus.rc [v1.9.6]
   174 | D:1      | Reached skill level 1 in Stealth
   322 | D:1      | Reached skill level 2 in Stealth
   463 | D:1      | Reached XP level 2. HP: 10/13 MP: 5/5
   469 | D:1      | Reached skill level 3 in Stealth
   789 | D:1      | HP: 3/13 [poisoned by a kobold]
   792 | D:1      | HP: 1/13 [poisoned by a kobold]
   793 | D:1      | Succumbed to a kobold's poison

Vanquished Creatures
  A dart slug (D:1)
  2 hobgoblins (D:1)
  2 jackals (D:1)
  3 kobolds (D:1)
  2 frilled lizards (D:1)
  2 rats (D:1)
12 creatures vanquished.

Table legend:
 A = Non-vault XP
 B = Vault XP
 C = Vault XP percentage of total XP
 D = Non-vault monster count
 E = Vault monster count
 F = Vault count percentage of total count
                 A         B        C        D         E       F
            +---------+---------+-------+---------+---------+-------
      Total |      21 |       0 |   0.0 |      12 |       0 |   0.0
            +---------+---------+-------+---------+---------+-------
        D:1 |      21 |       0 |   0.0 |      12 |       0 |   0.0
            +---------+---------+-------+---------+---------+-------

Skill      XL: |  1  2 |
---------------+-------+-----
Stealth        | 2 3 |  3.4
Polearms       | |  2.9
Dodging        | |  4.0
Spellcasting   | |  1.3
Necromancy     | |  1.7

Action                     || total
---------------------------++-------
  Melee: Spear             ||    36
    Use: Potion            ||     2
   Stab: Sleeping          ||     3
 Armour: Robe              ||     5
  Dodge: Dodged            ||    13

Illustrated notes

Table legend:
 A = Kills in this place as a percentage of kills in the entire game.
 B = Kills by you in this place as a percentage of kills by you in the entire game.
 C = Kills by friends in this place as a percentage of kills by friends in the entire game.
 D = Other kills in this place as a percentage of other kills in the entire game.
 E = Experience gained in this place as a percentage of experience gained in the entire game.
 F = Experience gained in this place divided by the number of levels of this place that you have seen.
                   A       B       C       D       E      F
               +-------+-------+-------+-------+-------+----------------------
         Total | 100.0 | 100.0 |   N/A |   N/A | 100.0 |  21.0
       Dungeon | 100.0 | 100.0 |   N/A |   N/A | 100.0 |  21.0
               +-------+-------+-------+-------+-------+----------------------

Table legend: (Time is in decaauts)
 A = Elapsed time spent in this place.
 B = Non-inter-level travel time spent in this place.
 C = Inter-level travel time spent in this place.
 D = Time resting spent in this place.
 E = Time spent auto-exploring this place.
 F = Levels seen in this place.
 G = Mean time per level.
                   A        B        C        D        E       F      G
               +--------+--------+--------+--------+--------+-----+--------+
         Total |    506 |    485 |     21 |     13 |    366 |   1 |  506.0 |
       Dungeon |    506 |    485 |     21 |     13 |    366 |   1 |  506.0 |
               +--------+--------+--------+--------+--------+-----+--------+

Top non-repeatable levels by time:
     D:1: 506 daAuts
